Map: Lightshade LE

Players

A.I. 1 (Very Easy) - Winner!

  • Race: Protoss Protoss

DisK

  • Race: Terran Terran

VOD

Have the link to the VOD?

Description

Time

  • Played on: June 15, 2021, 10:03 a.m.
  • Length: 9:50
Show
View Real Time Build Order
Export as new Build Order

A.I. 1 (Very Easy) Protoss - Winner!

Build Orders: 1 Gate Expand, Nexus First 

Get SALT Encoding   

  12  0:00  Probe  
  13  0:13  Probe  
  14  0:19  Pylon  
  14  0:43  Gateway  
  14  1:00  Nexus  
  14  1:18  Pylon  
  14  1:21  Zealot  
  14  1:23  Assimilator  
  14  1:32  Probe  
  16  1:35  Cybernetics Core  
  17  1:41  Probe  
  18  1:51  Probe  
  19  2:01  Probe  
  19  2:02  Assimilator  
  19  2:04  Stalker  
  20  2:09  Probe  
  23  2:18  Probe  
  24  2:25  Probe  
  24  2:27  Warp Gate  
  24  2:33  Probe  
  25  2:40  Probe  
  26  2:47  Probe  
  26  2:49  Pylon  
  27  2:54  Probe  
  28  3:00  Probe  
  29  3:07  Probe  
  29  3:10  Assimilator  
  29  3:12  Probe  
  30  3:19  Probe  
  31  3:21  Robotics Facility, Adept  
  34  3:30  Probe  
  35  3:37  Probe  
  36  3:44  Probe  
  37  3:52  Probe  
  38  3:59  Probe  
  39  4:06  Probe  
  39  4:08  Observer  
  39  4:09  Probe  
  41  4:10  Assimilator  
  42  4:20  Probe  
  42  4:23  Probe  
  43  4:30  Observer  
  45  4:31  Sentry  
  45  4:35  Probe  
  45  4:36  Pylon  
  48  4:42  Probe  
  48  4:49  Probe  
  49  4:56  Probe  
  50  6:46  Observer  
  50  6:50  Stalker  
  42  7:09  Probe  
  42  7:10  Pylon  
  36  7:19  Stalker  
  36  7:22  Probe  
  27  7:34  Probe  
  28  7:46  Nexus, Probe  
  28  7:48  Immortal  
  33  7:55  Assimilator  
  33  7:58  Probe  
  33  8:10  Probe  
  34  8:17  Stalker  
  36  8:22  Probe  
  37  8:28  Observer  
  37  8:30  Pylon  
  38  8:35  Probe  
  39  8:46  Probe  
  40  8:49  Immortal  
  40  8:55  Probe  
  44  9:01  Probe  
  46  9:04  Probe  
  47  9:15  Probe  
  48  9:21  Probe  
  49  9:29  Probe  
  50  9:33  Probe  
Show
View Real Time Build Order
Export as new Build Order

DisK Terran 

Build Orders: Reaper Expand 

Get SALT Encoding   

  12  0:00  SCV  
  13  0:12  SCV  
  14  0:16  Supply Depot  
  14  0:24  SCV  
  15  0:38  SCV  
  15  0:39  Barracks  
  16  0:44  Refinery  
  16  0:50  SCV  
  17  1:02  SCV  
  18  1:14  SCV  
  19  1:27  Orbital Command  
  19  1:28  Reaper  
  20  1:41  Command Center  
  20  1:50  Supply Depot  
  20  1:53  SCV  
  21  2:00  Marine  
  22  2:05  SCV  
  23  2:09  Factory  
  23  2:14  Refinery  
  23  2:18  SCV  
  24  2:22  Barracks Reactor  
  24  2:30  SCV  
  25  2:42  SCV  
  26  2:52  Orbital Command  
  26  2:54  SCV  
  26  2:55  Starport  
  26  2:56  Hellion  
  29  2:59  Marine x2  
  31  3:06  SCV  
  32  3:17  Factory Tech Lab  
  32  3:19  Marine x2, SCV  
  36  3:20  SCV  
  36  3:25  Supply Depot  
  36  3:32  Barracks  
  36  3:33  SCV x2  
  38  3:37  Marine x2  
  40  3:41  Factory Tech Lab  
  40  3:42  Raven  
  40  3:45  SCV x2  
  40  3:47  Supply Depot  
  44  3:57  SCV x2, Refinery  
  44  3:58  Marine x2  
  48  4:04  Engineering Bay  
  48  4:08  Siege Tank  
  48  4:09  SCV  
  52  4:11  SCV  
  52  4:16  Marine x2, Supply Depot  
  55  4:24  Barracks  
  55  4:25  SCV x2  
  57  4:33  Marine, Stimpack  
  57  4:37  SCV x2  
  60  4:40  Refinery  
  60  4:44  Siege Tank  
  60  4:45  Marine x2  
  65  4:47  Terran Infantry Weapons Level 1  
  65  4:49  SCV  
  66  4:53  SCV, Supply Depot  
  66  4:56  Marine  
  68  5:01  SCV, Supply Depot  
  68  5:05  Starport Reactor  
  68  5:06  SCV  
  70  5:15  Marine x2, SCV, Supply Depot  
  70  5:18  SCV  
  76  5:21  Marauder  
  76  5:26  Factory Reactor  
  76  5:27  SCV, Combat Shield, Supply Depot  
  76  5:28  Marauder  
  79  5:31  SCV  
  80  5:36  Supply Depot  
  80  5:37  Marine x2  
  82  5:42  Medivac x2  
  82  5:44  Marauder  
  82  5:49  Marauder  
  90  5:51  SCV  
  90  5:52  SCV  
  90  5:55  Marine x2  
  94  6:05  Widow Mine x2  
  94  6:09  Marauder  
  94  6:11  Marauder  
  102  6:12  Command Center  
  102  6:14  Marine x2  
  102  6:17  Concussive Shells  
  104  6:25  Barracks  
  104  6:26  Barracks  
  104  6:27  Supply Depot  
  104  6:31  SCV x2  
  106  6:35  Marauder x2  
  110  6:40  Supply Depot  
  110  6:43  Terran Infantry Armor Level 1  
  110  6:48  Marine x2, Medivac  
  110  6:49  Widow Mine  
  110  6:51  Widow Mine  
  118  7:02  Medivac, SCV x2  
  118  7:04  Supply Depot x2  
  122  7:10  Marauder  
  122  7:12  Marauder  
  122  7:15  Barracks Tech Lab, Barracks Reactor  
  126  7:17  Marine  
  126  7:18  Marine  
  128  7:23  Orbital Command  
  128  7:28  SCV x2  
  130  7:33  Medivac x2  
  130  7:34  Widow Mine  
  130  7:36  Widow Mine  
  138  7:46  Supply Depot  
  138  7:48  Marine x2, Marauder x3  
  138  7:49  SCV  
  138  7:50  SCV  
  148  7:51  SCV  
  148  7:55  Missile Turret  
  148  7:58  Sensor Tower  
  149  8:02  SCV  
  149  8:03  SCV x2  
  152  8:10  Engineering Bay, Armory  
  152  8:11  Refinery x2  
  152  8:14  SCV  
  152  8:15  SCV  
  152  8:16  SCV  
  155  8:23  Marine x4, Marauder x3  
  155  8:24  Widow Mine x2  
  155  8:26  SCV  
  170  8:27  SCV  
  170  8:32  Viking  
  173  8:42  Supply Depot x2  
  173  8:44  Viking  
  173  8:45  Command Center  
  175  8:55  Ghost Academy  
  175  8:56  Marauder x3  
  181  9:03  Marine x4  
  181  9:09  Barracks x3  
  185  9:21  Marine x2  
  185  9:22  Marine  
  185  9:23  Marine  
  195  9:36  Starport  
Tags
 
Add a new tag
Caveats
  • Supply blocks, unpowered buildings, or Contaminate may cause inaccurate times.
  • Supply counts are checked every 10 seconds.